 Dungeon Crawl Stone Soup version 0.30.0-15-g856e2d3f33 (webtiles) character file.

Game seed: 14631672650267146170

15890 Sobieck the Destroyer (level 12, -15/72 HPs)
             Began as a Gargoyle Earth Elementalist on May 18, 2023.
             Was a Believer of Sif Muna.
             Demolished by a sun demon (18 damage)
             ... summoned by a kobold demonologist
             ... on level 12 of the Dungeon.
             The game lasted 00:30:15 (14487 turns).

Sobieck the Destroyer (GrEE)                       Turns: 14487, Time: 00:30:17

Health: -15/72     AC: 20    Str: 13    XL:     12   Next: 31%
Magic:  0/26       EV: 13    Int: 20    God:    Sif Muna [**....]
Gold:   757        SH:  0    Dex: 10    Spells: 16/31 levels left

rFire   . . .        p - +3 short sword (speed) {short}
rCold   . . .        (no shield)
rNeg    + . .        t - +2 robe {Will+}
rPois   ∞            W - +1 hat
rElec   +            w - +2 cloak
rCorr   .            (no gloves)
SInv    .            (no boots)
Will    +....        (no amulet)
Stlth   ++           A - ring of wizardry
HPRegen 0.32/turn    o - +4 ring of protection
MPRegen 0.20/turn

%: wizardry (x1)
@: no status effects
A: sickness immunity, AC +8, negative energy resistance 1, electricity
resistance, torment resistance 1, petrification resistance
a: Renounce Religion, Channel Magic


You were on level 12 of the Dungeon.
You worshipped Sif Muna.
Sif Muna was pleased with you.
You visited 2 branches of the dungeon, and saw 13 of its levels.
You also visited: Ossuary.

You collected 757 gold pieces.


Innate Abilities, Weirdness & Mutations

You are immune to sickness and miasma.
Your stone body is resilient. (AC +8)
You are immune to poison.
You resist negative energy. (rN+)
You are resistant to electric shocks. (rElec)
You are resistant to unholy torment.
You are immune to petrification.


   Skills:
 + Level 7.3 Fighting
 - Level 6.0 Dodging
 - Level 2.1 Stealth
 - Level 10.0 Spellcasting
 - Level 12.0 Conjurations
 - Level 4.0 Translocations
 - Level 0.7 Transmutations
 + Level 9.2 Earth Magic


You had 16 spell levels left.
You knew the following spells:

 Your Spells              Type           Power      Damage    Failure   Level
a - Sandblast             Erth           92%        2d19      1%          1
b - Stone Arrow           Conj/Erth      100%       3d13      1%          3
c - Passwall              Tmut/Erth      24%        N/A       1%          2
d - Iskenderun's Mystic   Conj/Tloc      42%        2d10      1%          4
e - Iskenderun's Battles  Conj           55%        2d11      1%          5

Your spell library contained the following spells:

 Spells                   Type           Power      Damage    Failure   Level
 Searing Ray              Conj           100%       2d8       1%          2
 Static Discharge         Conj/Air       68%        2-5/arc   1%          2
 Sting                    Tmut/Pois      44%        1d5       2%          1
 Summon Small Mammal      Summ           40%        N/A       2%          1
 Petrify                  Tmut/Erth      29%        N/A       3%          4
 Poisonous Vapours        Pois/Air       20%        N/A       4%          2
 Fireball                 Conj/Fire      17%        3d9       6%          5
 Call Canine Familiar     Summ           10%        N/A       9%          3
 Summon Guardian Golem    Hex/Summ       10%        N/A       9%          3
 Airstrike                Air            5%         2d(1-17)  26%         4
 Animate Dead             Necr           10%        N/A       26%         4
 Olgreb's Toxic Radiance  Pois           10%        N/A       26%         4
 Summon Lightning Spire   Summ/Air       10%        N/A       26%         4
 Metabolic Englaciation   Hex/Ice        5%         N/A       56%         5
 Spellforged Servitor     Conj/Summ      17%        N/A       86%         7
 Haunt                    Necr/Summ      5%         N/A       100%        7
 Malign Gateway           Summ/Tloc      9%         N/A       100%        7
 Storm Form               Tmut/Air       5%         N/A       100%        7
 Infestation              Necr           5%         N/A       100%        8
 Maxwell's Capacitive Co  Air            5%         ∞         100%        8
 Summon Horrible Things   Summ           5%         N/A       100%        8
 Statue Form              Tmut/Erth      Unusable   N/A       N/A         6

Inventory:

Hand Weapons
 e - a +0 dagger {short}
   (You took it off a kobold on level 1 of the Dungeon)
 p - a +3 short sword of speed (weapon) {short}
   (You found it on level 2 of the Dungeon)
Missiles
 d - 4 javelins {throwing}
 g - 99 stones {throwing}
 k - 13 poisoned darts {throwing}
 l - 5 throwing nets {=f!fthrowing}
 m - 13 boomerangs {throwing}
Armour
 q - a +0 ring mail
   (You found it on level 4 of the Dungeon)
 t - a +2 robe of willpower (worn)
   (You took it off Sigmund on level 2 of the Dungeon)
 w - a +2 cloak (worn)
   (You took it off Maurice on level 10 of the Dungeon)
 z - a +0 leather armour
   (You took it off an orc on level 4 of the Dungeon)
 R - a +0 chain mail
   (You found it on level 6 of the Dungeon)
 S - a +0 leather armour
   (You found it on level 6 of the Dungeon)
 V - a +0 leather armour
   (You took it off an orc on level 6 of the Dungeon)
 W - a +1 hat (worn)
   (You found it on level 10 of the Dungeon)
 X - the +0 robe of Virtue {rPois}
   (You found it on level 7 of the Dungeon)

   rPois:     It protects you from poison.
 Z - a +0 leather armour
   (You took it off an orc on level 7 of the Dungeon)
Magical Staves
 a - a staff of air {!astaff}
   (You found it on level 8 of the Dungeon)
Jewellery
 b - an amulet of faith {!P}
   (You found it on level 8 of the Dungeon)
 c - a ring of see invisible
   (You found it on level 9 of the Dungeon)
 n - a +6 ring of strength
   (You found it on level 2 of the Dungeon)
 o - a +4 ring of protection (right hand)
   (You found it on level 2 of the Dungeon)
 A - a ring of wizardry (left hand)
   (You found it on level 8 of the Dungeon)
 U - a ring of flight
   (You found it on level 11 of the Dungeon)
Wands
 j - a wand of flame (24)
   (You found it on level 2 of the Dungeon)
 F - a wand of roots (13)
   (You found it on level 8 of the Dungeon)
 K - a wand of charming (34)
   (You found it on level 5 of the Dungeon)
 N - a wand of mindburst (14)
   (You found it on level 9 of the Dungeon)
Scrolls
 h - a scroll of amnesia {unknown}
 r - a scroll of immolation {!r!r}
 x - a scroll of silence {unknown}
 B - 2 scrolls of magic mapping {!r}
 H - 2 scrolls of butterflies
 I - 2 scrolls of teleportation {@r4}
 J - a scroll of brand weapon {unknown}
 M - a scroll of enchant armour {unknown}
 O - 3 scrolls of noise {!r}
 P - a scroll of enchant weapon
 T - 2 scrolls of blinking {!r}
 Y - 2 scrolls of torment {unknown}
Potions
 f - 4 potions of ambrosia
 i - 5 potions of heal wounds {@q2}
 s - 2 potions of might
 u - a potion of brilliance {unknown}
 v - a potion of haste {@q3}
 y - 2 potions of resistance
 C - a potion of berserk rage {unknown}
 D - 4 potions of mutation {!q}
 E - 2 potions of curing {unknown}
 G - 2 potions of flight
 L - 2 potions of magic
 Q - 2 potions of invisibility

Dungeon Overview and Level Annotations

Branches:
Dungeon (12/15) Zot: 26474  Temple (1/1) D:5 Zot: 5965    Lair (0/5) D:11
    Orc (0/2) D:12        Ossuary (visited)

Altars:
Ashenzari
Cheibriados
Dithmenos
Elyvilon
Fedhas
Gozag
Hepliaklqana
Kikubaaqudgha
Makhleb
Nemelex Xobeh
Okawaru
Qazlal
Ru
Sif Muna
Trog
Uskayaw
Vehumet
Wu Jian
Xom
Yredelemnul
Zin
The Shining One

Shops:
D:6 (   D:9 *

Annotations:
D:5 shatter vault
Temple 2 transporters

#..........
#......... ..#
#........ ##..#
###....... .....
[....... .... ....
..34. #..# #..#
#K3# #..# #..#
#)@# #..# #..#
#..# ##..# #..#
#).#
....#####..####..#
.................#
##...............#
#..#####..####..#
#..# #..# #..#
##..# #..# #..#


You could see a sun demon (summoned), a kobold demonologist, a smoke demon
(summoned) and a chaos spawn (summoned).


Message History

Unknown command.
You climb downwards.
There is a stone staircase leading up here.
Unknown command.
Unknown command.
A kobold comes into view.
It is wielding a +0 short sword and quivering poisoned darts.
The kobold moves out of view.
Unknown command.
The kobold shouts!
The kobold throws a poisoned dart.
The poisoned dart closely misses you.
Danger!
The stone arrow misses the kobold.
The stone arrow hits the kobold!!
You kill the kobold!
Sif Muna accepts your kill.
A kobold demonologist comes into view.
It is wielding a +0 dagger and wearing a +1 robe of willpower.
Danger!
A kobold brigand comes into view.
It is wielding a +0 club and quivering poisoned darts.
Things that are here:
a +0 short sword {short}; 2 poisoned darts {throwing} The stone arrow misses the kobold demonologist.
A kobold demonologist comes into view. It is wielding a +0 dagger.
Unknown command.
The stone arrow hits the kobold demonologist!
The kobold demonologist shouts!
The kobold demonologist mumbles some strange words.
You hear a shout!
The stone arrow hits the kobold demonologist!!
You kill the kobold demonologist!
Sif Muna accepts your kill.
The hellwing disappears in a puff of smoke!
The kobold demonologist gestures wildly while chanting.
Your Earth Magic skill increases to level 9!
The stone arrow hits the kobold brigand!!
The kobold demonologist casts a spell.
The stone arrow hits the kobold brigand!
You kill the kobold brigand!
Sif Muna accepts your kill.
A kobold demonologist comes into view. It is wielding a +1 dagger of speed.
The kobold demonologist shouts!
The kobold demonologist gestures wildly while chanting.
Things that are here:
a +0 club {mace}; 7 poisoned darts {throwing} The stone arrow hits the kobold demonologist!
The kobold demonologist casts a spell.
Unknown command.
The stone arrow hits the ufetubus!!
You kill the ufetubus!
The ufetubus disappears in a puff of smoke!
Unknown command.
The stone arrow hits the kobold demonologist!
The kobold demonologist looks satisfied for a moment.
The kobold demonologist hits you but does no damage.
Unknown command.
Casting: Stone Arrow (safe; 1% risk of failure)
Confirm with . or Enter, or press ? or * to list all spells.
Aiming: Sandblast (safe; 1% risk of failure)
Press: ? - help, Shift-Dir - straight line, f/p - kobold demonologist
Aim: a kobold demonologist, wielding a +1 dagger of speed and wearing a +0 robe (severely wounded, 79% to hit)
The blast of sand hits the kobold demonologist!
The kobold demonologist mumbles some strange words.
The sun demon hits you!
You are engulfed in flames!!
The kobold demonologist hits you but does no damage.
Casting: Sandblast (safe; 1% risk of failure)
Confirm with . or Enter, or press ? or * to list all spells.
Aiming: Sandblast (safe; 1% risk of failure)
Press: ? - help, Shift-Dir - straight line, f/p - kobold demonologist
Aim: a kobold demonologist, wielding a +1 dagger of speed and wearing a +0 robe (almost dead, 79% to hit)
The blast of sand hits the kobold demonologist!!
You kill the kobold demonologist!
Sif Muna accepts your kill.
The shadow imp disappears in a puff of smoke!
The sun demon misses you.
The sun demon hits you but does no damage.
Casting: Sandblast (safe; 1% risk of failure)
Confirm with . or Enter, or press ? or * to list all spells.
Aiming: Sandblast (safe; 1% risk of failure)
Press: ? - help, Shift-Dir - straight line, f - kobold demonologist
Aim: a kobold demonologist, wielding a +0 dagger and wearing a +0 robe (79% to hit)
The blast of sand hits the kobold demonologist!!
The sun demon hits you.
You are engulfed in flames!
* * * LOW HITPOINT WARNING * * *
The kobold demonologist hits you but does no damage.
The sun demon hits you but does no damage.
The kobold demonologist hits you but does no damage.
Unknown command.
Unknown command.
You hit the kobold demonologist.
You punch the kobold demonologist, but do no damage.
The sun demon hits you.
* * * LOW HITPOINT WARNING * * *
You are engulfed in flames!
* * * LOW HITPOINT WARNING * * *
You hit the kobold demonologist but do no damage.
The kobold demonologist barely misses you.
You barely miss the kobold demonologist.
The sun demon hits you!
* * * LOW HITPOINT WARNING * * *
You are engulfed in flames!!
You die...

Skill      XL: |  1  2  3  4  5  6  7  8  9 10 11 12 |
---------------+-------------------------------------+-----
Earth Magic    | 4 5 6 7 8 9 |  9.2
Conjurations   | 4 6 8 10 12 | 12.0
Spellcasting   | 4 5 6 8 9 10 | 10.0
Translocations | 4 |  4.0
Fighting       | 2 6 7 |  7.3
Dodging        | 3 5 6 |  6.0
Stealth        | |  2.1
Transmutations | |  0.7

Action                     |  1- 3 |  4- 6 |  7- 9 | 10-12 || total
---------------------------+-------+-------+-------+-------++-------
  Melee: Unarmed           |     1 |       |       |       ||     1
         Dagger            |     9 |       |       |       ||     9
         Short sword       |     3 |    15 |    43 |    19 ||    80
         Punch             |       |     1 |     2 |     2 ||     5
   Cast: Sandblast         |    52 |    82 |   176 |   192 ||   502
         Stone Arrow       |       |       |    24 |    63 ||    87
         Iskenderun's Myst |       |       |       |    12 ||    12
         Iskenderun's Batt |       |       |       |    30 ||    30
    Use: Potion            |       |     1 |       |     3 ||     4
         Scroll            |       |     8 |     9 |     3 ||    20
 Armour: Robe              |    12 |    27 |    58 |    81 ||   178
  Dodge: Dodged            |    27 |    31 |    59 |   121 ||   238

Levels and vault maps discovered:
D:1:      minmay_arrival_arboretum_small, layout_basic
D:2:      layout_loops_ring, basic_altar, uniq_sigmund
D:3:      layout_basic, st_stairs_14
D:4:      layout_basic, nicolae_hexahallways, minmay_goblin_outpost
D:5:      layout_rooms, minmay_temple_entry_overgrown, serial_glass,
          glass_columns_b, glass_columns_a, due_unseen_surprise,
          item_on_display_a
D:6:      layout_loops_ring, nicolae_ossuary_entry_giza, serial_shops, shop,
          kennysheep_minor_cross, uniq_blork_the_orc, uniq_edmund
D:7:      layout_cave_pools, mainiacjoe_overflow_boulevard
D:8:      layout_loops_corners, nemelex_spade_bored_becter,
          fedhas_altar_decomposition, zin_scriptorium, corexii_checkpoint_a,
          minivault_11, uniq_joseph
D:9:      layout_basic, nicolae_gozag_zags_fifth_avenue, amcnicky_altar_gilded
D:10:     layout_basic, mainiacjoe_overflow_small_starburst, uniq_maurice
D:11:     nicolae_BIG_FREAKIN_CUBE, layout_basic, special_room
          [special_room_orc]
D:12:     layout_small_grid, orc_0_dummy, serial_bayou, serial_bayou_pond_c,
          serial_bayou_shore_a, serial_bayou_pond_e, serial_bayou_ford_a,
          serial_bayou_pond_d, serial_bayou_shore_b, uniq_nessos
Temple:   hellmonk_temple_divided_pantheon

Notes
Turn   | Place    | Note
-------+----------+-------------------------------------------
     0 | D:1      | Sobieck the Gargoyle Earth Elementalist began the quest for
                  | the Orb.
     0 | D:1      | Reached XP level 1. HP: 10/10 MP: 3/3
    96 | D:1      | Reached skill level 4 in Earth Magic
   255 | D:1      | Reached XP level 2. HP: 15/15 MP: 1/5
   360 | D:1      | Identified a +0 crystal plate armour
   361 | D:1      | f - a +0 crystal plate armour {rare=g}
   399 | D:1      | You finish putting on your +0 crystal plate armour
                  | {rare=g}.
   417 | D:1      | You add the spells Malign Gateway and Summon Horrible
                  | Things to your library.
   423 | D:1      | You finish taking off your +0 crystal plate armour
                  | {rare=g}.
   438 | D:1      | You finish putting on your +0 crystal plate armour
                  | {rare=g}.
   443 | D:1      | You finish taking off your +0 crystal plate armour
                  | {rare=g}.
   962 | D:1      | Reached skill level 5 in Earth Magic
   962 | D:1      | Reached XP level 3. HP: 19/19 MP: 4/6
  1177 | D:1      | Learned a level 3 spell: Stone Arrow
  1399 | D:2      | Found a basalt altar of Yredelemnul.
  1531 | D:2      | You finish putting on your +0 crystal plate armour
                  | {rare=g}.
  1536 | D:2      | You finish taking off your +0 crystal plate armour
                  | {rare=g}.
  1688 | D:2      | Reached XP level 4. HP: 24/24 MP: 2/7
  1953 | D:2      | Noticed Sigmund
  1960 | D:2      | Killed Sigmund
  1961 | D:2      | Reached skill level 6 in Earth Magic
  1961 | D:2      | Reached skill level 2 in Conjurations
  1961 | D:2      | Reached skill level 4 in Conjurations
  1961 | D:2      | Reached XP level 5. HP: 10/28 MP: 5/8
  2369 | D:3      | Reached XP level 6. HP: 32/32 MP: 6/9
  2576 | D:2      | Reached skill level 3 in Spellcasting
  3160 | D:4      | Identified a scroll of acquirement
  3160 | D:4      | Acquired Vehumet's Discursus on Confrontation
  3161 | D:4      | You add the spells Searing Ray, Iskenderun's Mystic Blast,
                  | Iskenderun's Battlesphere, Fireball and Spellforged
                  | Servitor to your library.
  3741 | D:4      | Reached skill level 4 in Spellcasting
  3769 | D:4      | Reached XP level 7. HP: 17/36 MP: 0/13
  3896 | D:4      | Reached skill level 5 in Conjurations
  4657 | D:5      | Entered Level 5 of the Dungeon
  4764 | D:5      | Found a staircase to the Ecumenical Temple.
  4777 | Temple   | Entered the Ecumenical Temple
  4777 | Temple   | Found a transporter.
  4777 | Temple   | Found a transporter.
  4779 | Temple   | Found a transporter.
  4779 | Temple   | Found a transporter.
  4920 | D:5      | Reached skill level 6 in Conjurations
  4991 | D:5      | Learned a level 2 spell: Passwall
  5127 | D:5      | Reached skill level 7 in Earth Magic
  5218 | D:5      | Reached XP level 8. HP: 41/41 MP: 7/14
  5405 | D:5      | Reached skill level 8 in Earth Magic
  5613 | D:6      | Found a sand-covered staircase.
  5620 | Ossuary  | Entered an ossuary
  5910 | Ossuary  | Reached skill level 7 in Conjurations
  6348 | D:6      | Noticed Blork the orc
  6354 | D:6      | Reached skill level 8 in Conjurations
  6356 | D:6      | Killed Blork the orc
  6430 | D:6      | Reached skill level 5 in Spellcasting
  6557 | D:6      | Noticed Edmund
  6561 | D:6      | Killed Edmund
  6562 | D:6      | Reached XP level 9. HP: 45/45 MP: 3/17
  6569 | D:6      | Learned a level 4 spell: Iskenderun's Mystic Blast
  6770 | D:6      | Reached skill level 1 in Translocations
  6780 | D:6      | Found Bameca's Antique Weapon Shop.
  6808 | D:6      | You pick up a book of the Sky and begin reading...
  6808 | D:6      | You add the spells Summon Lightning Spire, Storm Form and
                  | Maxwell's Capacitive Coupling to your library.
  6833 | D:6      | Reached skill level 6 in Spellcasting
  6933 | D:6      | Reached skill level 2 in Translocations
  7492 | D:7      | Reached skill level 3 in Translocations
  7550 | D:7      | Found a shimmering blue altar of Sif Muna.
  7562 | D:7      | Reached skill level 4 in Translocations
  7579 | D:7      | Identified the +0 robe of Virtue {rPois}
  7812 | D:7      | Reached skill level 9 in Conjurations
  8084 | D:8      | Noticed a two-headed ogre
  8091 | D:8      | Killed a two-headed ogre
  8092 | D:8      | Reached skill level 10 in Conjurations
  8092 | D:8      | Reached XP level 10. HP: 50/50 MP: 3/19
  8227 | D:8      | Reached skill level 11 in Conjurations
  8369 | D:8      | You pick up a book of Sloth and begin reading...
  8490 | D:8      | Reached skill level 12 in Conjurations
  8586 | D:8      | Noticed Joseph
  8591 | D:8      | Killed Joseph
  8823 | D:8      | You drop a +0 crystal plate armour {rare=g}.
  8824 | D:8      | f - a +0 crystal plate armour {rare=g}
  8858 | D:8      | Learned a level 5 spell: Iskenderun's Battlesphere
  8916 | D:8      | Noticed a two-headed ogre
  8922 | D:8      | Killed a two-headed ogre
  8923 | D:8      | Reached skill level 7 in Spellcasting
  9084 | D:8      | Found a sparkling altar of Nemelex Xobeh.
  9444 | D:8      | Found a blossoming altar of Fedhas.
  9472 | D:8      | HP: 6/50 [wyvern (9)]
  9506 | D:8      | Reached skill level 8 in Spellcasting
  9506 | D:8      | Reached skill level 1 in Fighting
  9512 | D:8      | Reached skill level 2 in Fighting
  9512 | D:8      | Reached skill level 2 in Dodging
  9517 | D:8      | HP: 13/53 [necrophage (3)]
  9859 | D:8      | Found a glowing silver altar of Zin.
  9986 | D:7      | Became a worshipper of Sif Muna the Loreminder
 10005 | D:8      | Reached skill level 3 in Dodging
 10057 | D:9      | Reached XP level 11. HP: 53/58 MP: 8/23
 10176 | D:9      | Reached skill level 3 in Fighting
 10241 | D:9      | Found Gozag's Platinum Reserve.
 10248 | D:9      | Found an opulent altar of Gozag.
 10487 | D:9      | You pick up a book of Callings and begin reading...
 10487 | D:9      | You add the spells Summon Small Mammal, Call Canine
                  | Familiar and Summon Guardian Golem to your library.
 10498 | D:9      | You pick up a book of Death and begin reading...
 10498 | D:9      | You add the spells Animate Dead, Haunt and Infestation to
                  | your library.
 10637 | D:9      | Noticed a two-headed ogre
 10643 | D:9      | Killed a two-headed ogre
 10644 | D:9      | Reached skill level 4 in Fighting
 10644 | D:9      | Reached skill level 4 in Dodging
 10880 | D:9      | Found a stormy altar of Qazlal.
 11083 | D:10     | Entered Level 10 of the Dungeon
 11164 | D:10     | Found a radiant altar of Vehumet.
 11242 | D:10     | You pick up a book of Storms and begin reading...
 11242 | D:10     | You add the spells Static Discharge and Airstrike to your
                  | library.
 11366 | D:10     | Noticed Maurice
 11367 | D:10     | Reached * piety under Sif Muna
 11371 | D:10     | Killed Maurice
 11374 | D:10     | You drop a +0 crystal plate armour {rare=g}.
 11471 | D:10     | a +0 crystal plate armour {rare=g}; a +3 short sword of
                  | draining {short}; the human corpse of Maurice
 11471 | D:10     | a +0 crystal plate armour {rare=g}; a +3 short sword of
                  | draining {short}; the human corpse of Maurice
 11471 | D:10     | Could not pick up a +0 crystal plate armour {rare=g} here;
                  | ([A]lways) ignore it?
 11584 | D:10     | a +0 crystal plate armour {rare}; a +3 short sword of
                  | draining {short}; the human corpse of Maurice
 12106 | D:11     | Noticed a cyclops
 12116 | D:11     | Killed a cyclops
 12117 | D:11     | Reached skill level 5 in Fighting
 12117 | D:11     | Reached skill level 9 in Spellcasting
 12272 | D:11     | Found a staircase to the Lair.
 12359 | D:11     | Noticed a two-headed ogre
 12388 | D:10     | Killed a two-headed ogre
 12501 | D:11     | Reached skill level 5 in Dodging
 12642 | D:11     | Noticed a two-headed ogre
 12646 | D:11     | Killed a two-headed ogre
 12647 | D:11     | Reached skill level 6 in Fighting
 12930 | D:11     | You add the spells Sting, Poisonous Vapours and Olgreb's
                  | Toxic Radiance to your library.
 13262 | D:11     | Noticed a boulder beetle
 13270 | D:11     | Killed a boulder beetle
 13271 | D:11     | Reached XP level 12. HP: 50/70 MP: 8/25
 13497 | D:11     | Reached skill level 6 in Dodging
 13569 | D:11     | Reached ** piety under Sif Muna
 13731 | D:11     | Reached skill level 10 in Spellcasting
 14256 | D:12     | Found a staircase to the Orcish Mines.
 14311 | D:12     | Reached skill level 7 in Fighting
 14476 | D:12     | Reached skill level 9 in Earth Magic
 14477 | D:12     | Noticed a sun demon
 14485 | D:12     | HP: 13/72 [sun demon[a kobold demonologist] (10)]
 14487 | D:12     | HP: 3/72 [sun demon[a kobold demonologist] (10)]
 14487 | D:12     | Demolished by a sun demon

Vanquished Creatures
  5 two-headed ogres
  A boulder beetle (D:11)
  A skeletal warrior (D:12)
  2 cyclopes
  An orc knight (D:11)
  Maurice (D:10)
  Joseph (D:8)
  A gargoyle (D:11)
  2 kobold demonologists (D:12)
  2 unseen horror zombies (D:8)
  5 trolls
  3 slime creatures (D:9)
  2 wraiths
  Sigmund (D:2)
  2 wyverns
  3 yaks (D:8)
  A vampire (D:11)
  A steam dragon (D:8)
  An acid dragon (D:11)
  Edmund (D:6)
  An ice beast (D:6)
  3 sky beasts
  6 orc warriors
  A black bear (D:7)
  9 centaurs
  An ogre (D:7)
  2 kobold brigands
  A phantom (D:7)
  2 elf zombies (Ossuary)
  Blork the orc (D:6)
  7 bullfrogs
  4 necrophages (D:8)
  A gnoll sergeant (D:11)
  5 scorpions
  12 wights
  6 killer bees (D:9)
  10 howler monkeys
  A centaur zombie (Ossuary)
  6 hounds
  2 jellies
  An orc priest (D:10)
  4 human zombies (Ossuary)
  A gnoll bouda (D:2)
  An iguana (D:7)
  5 orc wizards
  3 mummies
  8 adders
  9 gnolls
  2 white imps
  3 worms
  5 dart slugs
  31 orcs
  4 bats
  11 endoplasms
  11 giant cockroaches
  5 goblins
  8 hobgoblins
  9 kobolds
  5 quokkas
  3 ball pythons
  4 frilled lizards
  2 goblin zombies
  10 hobgoblin zombies (Ossuary)
  9 kobold zombies (Ossuary)
  9 orc zombies
  10 rats
  A rat zombie (Ossuary)
292 creatures vanquished.

Table legend:
 A = Non-vault XP
 B = Vault XP
 C = Vault XP percentage of total XP
 D = Non-vault monster count
 E = Vault monster count
 F = Vault count percentage of total count
                 A         B        C        D         E       F
            +---------+---------+-------+---------+---------+-------
      Total |   18519 |    4182 |  18.4 |     211 |      81 |  27.7
            +---------+---------+-------+---------+---------+-------
        D:1 |      47 |       0 |   0.0 |      24 |       0 |   0.0
        D:2 |      96 |     214 |  69.0 |      17 |       1 |   5.6
        D:3 |      95 |       3 |   3.1 |      18 |       3 |  14.3
        D:4 |     259 |       9 |   3.4 |      23 |       5 |  17.9
        D:5 |     619 |       0 |   0.0 |      14 |       0 |   0.0
        D:6 |     825 |     278 |  25.2 |      12 |       5 |  29.4
        D:7 |    1193 |       0 |   0.0 |      20 |       0 |   0.0
        D:8 |    3427 |    1576 |  31.5 |      16 |       9 |  36.0
        D:9 |    2942 |       0 |   0.0 |      22 |       0 |   0.0
       D:10 |    1981 |     485 |  19.7 |      11 |       1 |   8.3
       D:11 |    4377 |    1156 |  20.9 |      26 |      19 |  42.2
       D:12 |    2658 |       0 |   0.0 |       8 |       0 |   0.0
    Ossuary |       0 |     461 | 100.0 |       0 |      38 | 100.0
            +---------+---------+-------+---------+---------+-------

Skill      XL: |  1  2  3  4  5  6  7  8  9 10 11 12 |
---------------+-------------------------------------+-----
Earth Magic    | 4 5 6 7 8 9 |  9.2
Conjurations   | 4 6 8 10 12 | 12.0
Spellcasting   | 4 5 6 8 9 10 | 10.0
Translocations | 4 |  4.0
Fighting       | 2 6 7 |  7.3
Dodging        | 3 5 6 |  6.0
Stealth        | |  2.1
Transmutations | |  0.7

Action                     |  1- 3 |  4- 6 |  7- 9 | 10-12 || total
---------------------------+-------+-------+-------+-------++-------
  Melee: Unarmed           |     1 |       |       |       ||     1
         Dagger            |     9 |       |       |       ||     9
         Short sword       |     3 |    15 |    43 |    19 ||    80
         Punch             |       |     1 |     2 |     2 ||     5
   Cast: Sandblast         |    52 |    82 |   176 |   192 ||   502
         Stone Arrow       |       |       |    24 |    63 ||    87
         Iskenderun's Myst |       |       |       |    12 ||    12
         Iskenderun's Batt |       |       |       |    30 ||    30
    Use: Potion            |       |     1 |       |     3 ||     4
         Scroll            |       |     8 |     9 |     3 ||    20
 Armour: Robe              |    12 |    27 |    58 |    81 ||   178
  Dodge: Dodged            |    27 |    31 |    59 |   121 ||   238

Illustrated notes

Table legend:
 A = Kills in this place as a percentage of kills in the entire game.
 B = Kills by you in this place as a percentage of kills by you in the entire game.
 C = Kills by friends in this place as a percentage of kills by friends in the entire game.
 D = Other kills in this place as a percentage of other kills in the entire game.
 E = Experience gained in this place as a percentage of experience gained in the entire game.
 F = Experience gained in this place divided by the number of levels of this place that you have seen.
                   A       B       C       D       E      F
               +-------+-------+-------+-------+-------+----------------------
         Total | 100.0 | 100.0 |   N/A |   N/A | 100.0 | 1621.5
       Dungeon |  87.0 |  87.0 |   N/A |   N/A |  98.0 | 1853.3
       Ossuary |  13.0 |  13.0 |   N/A |   N/A |   2.0 | 461.0
               +-------+-------+-------+-------+-------+----------------------

Table legend: (Time is in decaauts)
 A = Elapsed time spent in this place.
 B = Non-inter-level travel time spent in this place.
 C = Inter-level travel time spent in this place.
 D = Time resting spent in this place.
 E = Time spent auto-exploring this place.
 F = Levels seen in this place.
 G = Mean time per level.
                   A        B        C        D        E       F      G
               +--------+--------+--------+--------+--------+-----+--------+
         Total |  14703 |  14258 |    445 |   1616 |  10447 |  14 | 1050.2 |
       Dungeon |  13992 |  13558 |    434 |   1416 |  10262 |  12 | 1166.0 |
        Temple |     34 |     23 |     11 |      0 |      0 |   1 |   34.0 |
       Ossuary |    676 |    676 |      0 |    200 |    185 |   1 |  676.0 |
               +--------+--------+--------+--------+--------+-----+--------+

Top non-repeatable levels by time:
     D:8: 1985 daAuts
    D:11: 1957 daAuts
     D:4: 1601 daAuts
     D:1: 1337 daAuts
     D:6: 1233 daAuts
    D:10: 1213 daAuts
     D:9: 1048 daAuts
     D:2: 933 daAuts
     D:5: 874 daAuts
     D:3: 853 daAuts
 Ossuary: 676 daAuts
     D:7: 663 daAuts
    D:12: 289 daAuts
  Temple: 34 daAuts
